 Dungeon Crawl Stone Soup version 0.31-a0-675-g238779eb0a (webtiles) character file.

Game seed: 15405705803077850890

2835 IdlyInterested the Insei (level 9, -2/69 HPs)
             Began as a Demonspawn Monk on Sept 5, 2023.
             Slain by a two-headed ogre
             ... wielding a +0 giant club
              (13 damage)
             ... on level 5 of the Dungeon.
             The game lasted 00:23:40 (7042 turns).

IdlyInterested the Insei (Demonspawn Monk)          Turns: 7042, Time: 00:23:41

Health: -2/69      AC:  8    Str: 13    XL:     9   Next: 45%
Magic:  14/15      EV: 12    Int: 20    God:
Gold:   367        SH:  0    Dex: 17    Spells: 16/16 levels left

rFire   . . .        s - +0 rapier (speed)
rCold   . . .        (no shield)
rNeg    . . .        p - +4 leather armour of the Guilds {rPois Int+5 SInv}
rPois   +            (helmet restricted)
rElec   .            t - +0 cloak
rCorr   .            (no gloves)
SInv    +            (no boots)
Will    .....        (no amulet)
Stlth   ++           (no ring)
HPRegen 0.31/turn    (no ring)
MPRegen 0.28/turn

%: no passive effects
@: no status effects
A: claws 1, hooves 1, horns 2, magic regeneration, demonic magic 1, clever 1
a: no special abilities


You were on level 5 of the Dungeon.
You visited 1 branch of the dungeon, and saw 5 of its levels.

You collected 367 gold pieces.

Inventory:

Hand Weapons
 k - a +0 dagger
 r - a +0 short sword
 s - a +0 rapier of speed (weapon)
Missiles
 g - 39 stones (quivered)
 D - 3 boomerangs
Armour
 c - an orb of light
 l - a +0 buckler
 m - a +2 robe of fire resistance
 p - the +4 leather armour of the Guilds (worn) {rPois Int+5 SInv}
   (You found it on level 2 of the Dungeon)

   Int+5:     It affects your intelligence (+5).
   rPois:     It protects you from poison SInv: It lets you see invisible.
 t - a +0 cloak (worn)
Wands
 y - a wand of quicksilver (4)
 I - a wand of mindburst (22)
Scrolls
 a - a scroll of fear
 b - 2 scrolls of blinking
 d - 3 scrolls of immolation
 e - 2 scrolls of poison
 n - 3 scrolls of teleportation
 A - a scroll of vulnerability {unknown}
 C - a scroll of amnesia {unknown}
 G - 4 scrolls of butterflies {unknown}
 H - a scroll of silence {unknown}
Potions
 f - 2 potions of lignification
 h - 2 potions of might {unknown}
 i - a potion of cancellation
 j - 2 potions of enlightenment {unknown}
 o - a potion of invisibility {unknown}
 q - a potion of resistance {unknown}
 u - a potion of attraction {unknown}
 v - a potion of brilliance {unknown}
 w - a potion of haste {unknown}
 z - a potion of degeneration {unknown}
 B - a potion of magic {unknown}
 F - a potion of mutation


   Skills:
 - Level 6.0 Fighting
 * Level 5.8 Short Blades
 - Level 1.0 Throwing
 - Level 1.0 Armour
 - Level 2.6 Dodging
 + Level 3.1 Stealth
 - Level 6.1 Unarmed Combat
 + Level 4.1 Spellcasting
 - Level 6.0 Invocations
 - Level 1.0 Evocations
 - Level 1.0 Shapeshifting


You had 16 spell levels left.
You didn't know any spells.
Your spell library contained the following spells:

 Spells                   Type           Power      Damage    Failure   Level
 Apportation              Tloc           8%         N/A       16%         1
 Magic Dart               Conj           16%        1d3       16%         1
 Necrotise                Necr           16%        1d4       16%         1
 Summon Small Mammal      Summ           16%        N/A       16%         1
 Call Imp                 Summ           8%         N/A       24%         2
 Mephitic Cloud           Conj/Pois/Air  4%         N/A       43%         3
 Ozocubu's Armour         Ice            4%         N/A       43%         3
 Ozocubu's Refrigeration  Ice            2%         4d7       100%        7


Dungeon Overview and Level Annotations

Branches:
Dungeon (5/15)
 Temple: D:4-7

Altars:
Ashenzari
Dithmenos
Makhleb

Annotations:
D:5 2 runed translucent doors


Innate Abilities, Weirdness & Mutations

You have sharp fingernails.
You have large cloven feet.
You have a pair of horns on your head.
You regenerate magic rapidly.
Spells you cast may paralyse adjacent enemies.
Your mind is acute. (Int +4, Str/Dex -1)


Message History

You open the large door.
The wyvern hisses menacingly.
The wyvern completely misses you. The wyvern bites you!
The wyvern attacks as it pursues you! The wyvern barely misses you.
The wyvern attacks as it pursues you! The wyvern bites you.
The wyvern barely misses you. The wyvern bites you!
The wyvern attacks as it pursues you! The wyvern bites you!
Aiming: Quicksilver Bolt
Press: ? - help, Shift-Dir - straight line, f - wyvern
Aim: a wyvern (71% to hit)
The bolt of dispelling energy misses the wyvern.
The bolt of dispelling energy hits the two-headed ogre.
The two-headed ogre is lightly wounded.
The wyvern closely misses you. The wyvern barely misses you.
Aiming: Quicksilver Bolt
Press: ? - help, Shift-Dir - straight line, f/p - wyvern
Aim: a wyvern (71% to hit)
The bolt of dispelling energy hits the wyvern!
The wyvern is heavily wounded.
The bolt of dispelling energy hits the two-headed ogre!!
The two-headed ogre is heavily wounded.
The wyvern completely misses you.
Aiming: Quicksilver Bolt
Press: ? - help, Shift-Dir - straight line, f/p - wyvern
Aim: a wyvern (heavily wounded, 71% to hit)
The bolt of dispelling energy hits the wyvern!!
You kill the wyvern!
The bolt of dispelling energy misses the two-headed ogre.
Your Stealth skill increases to level 3!
Your Spellcasting skill increases to level 4!
Aiming: Mindburst
Press: ? - help, Shift-Dir - straight line, f - two-headed ogre
Aim: a two-headed ogre, wielding two +0 giant clubs (moderately wounded, chance to affect: 51%)
The two-headed ogre resists with significant effort.
The two-headed ogre hits you with a +0 giant club!!
* * * LOW HITPOINT WARNING * * *
The two-headed ogre hits you with a +0 giant club!
You die...

#.####.#.........## ##........#
#.#.#.†#..........###...##..#.##
#.##.#.'.##''##....##..####.##.#
#..#######8..8##.........###.#.##
##..))# #8....8#.............#..#
.###### #}....!#.#.##<.....######
.###### #$....|#...###.....######
##.#.)# #8....8#O#####......##.<#
#.##.#####8..8##@# #.........###
#.#.##.'.##++##..####........##
#...#[##.....................#
#.####)#....#......##.......##
##....##....##...###........##
.######..#...##...#....#...#.#
........###..#..#.....###....#
......######...###....###.#######
###...........## #.......## #..#


You could see a two-headed ogre.

Vanquished Creatures
  Pikel (D:4)
  A troll (D:5)
  Grinder (D:4)
  The ghost of Bediveer the Skirmisher, an amateur DEHu (D:5)
  Sigmund (D:2)
  A wyvern (D:5)
  A yak (D:5)
  A wraith (D:5)
  A black bear (D:5)
  A centaur (D:5)
  3 ogres (D:5)
  A lemure (D:4)
  4 scorpions
  3 hounds
  An orc priest (D:5)
  3 sleepcaps
  Jessica (D:3)
  Ijyb (D:3)
  Terence (D:2)
  An iguana (D:4)
  2 orc wizards
  A gnoll (D:5)
  10 adders
  2 white imps (D:5)
  A worm (D:3)
  5 dart slugs
  11 orcs
  9 ball pythons
  9 endoplasms
  4 giant cockroaches
  6 goblins
  8 hobgoblins
  3 jackals (D:1)
  6 kobolds
  7 quokkas
  7 bats
  2 frilled lizards (D:1)
  5 rats
127 creatures vanquished.

Vanquished Creatures (others)
  A goblin (D:3)
1 creature vanquished.

Grand Total: 128 creatures vanquished

Notes
Turn   | Place    | Note
-------+----------+-------------------------------------------
     0 | D:1      | IdlyInterested the Demonspawn Monk began the quest for the
                  | Orb.
     0 | D:1      | Reached XP level 1. HP: 18/18 MP: 1/1
   279 | D:1      | Reached skill level 1 in Armour
   279 | D:1      | Discovered your monstrous ancestry.
   279 | D:1      | Gained mutation: You have a pair of small horns on your
                  | head. [demonic ancestry]
   279 | D:1      | Reached XP level 2. HP: 24/24 MP: 2/2
   472 | D:1      | Reached skill level 1 in Throwing
   479 | D:1      | Gained mutation: You regenerate magic rapidly. [demonic
                  | ancestry]
   479 | D:1      | Reached XP level 3. HP: 29/29 MP: 3/3
   879 | D:1      | Found a faded altar of an unknown god.
  1376 | D:2      | Reached skill level 1 in Stealth
  1382 | D:2      | Identified the +4 leather armour of the Guilds {rPois Int+5
                  | SInv}
  1465 | D:2      | Noticed Terence
  1493 | D:2      | Killed Terence
  1494 | D:2      | Reached skill level 1 in Shapeshifting
  1494 | D:2      | Reached XP level 4. HP: 24/37 MP: 4/4
  1592 | D:2      | Noticed Sigmund
  1604 | D:2      | Killed Sigmund
  1605 | D:2      | Reached skill level 1 in Evocations
  1605 | D:2      | Gained mutation: You have sharp fingernails. [demonic
                  | ancestry]
  1605 | D:2      | Reached XP level 5. HP: 23/43 MP: 5/5
  2299 | D:3      | Noticed Jessica
  2303 | D:3      | Killed Jessica
  2304 | D:3      | Gained mutation: You have a pair of horns on your head.
                  | [demonic ancestry]
  2304 | D:3      | Reached XP level 6. HP: 50/50 MP: 6/6
  2315 | D:3      | Reached skill level 5 in Fighting
  2315 | D:3      | Reached skill level 1 in Invocations
  2680 | D:3      | Noticed Ijyb
  2706 | D:3      | Killed Ijyb
  3275 | D:4      | Reached XP level 7. HP: 56/56 MP: 8/8
  3340 | D:4      | Noticed Pikel
  3359 | D:4      | Killed Pikel
  3581 | D:4      | Gained mutation: Spells you cast may paralyse adjacent
                  | enemies. [demonic ancestry]
  3581 | D:4      | Reached XP level 8. HP: 49/64 MP: 11/11
  3785 | D:4      | Found a burning altar of Makhleb.
  4076 | D:4      | Reached skill level 1 in Short Blades
  4082 | D:4      | Noticed Grinder
  4100 | D:4      | Paralysed by Grinder for 3 turns
  4105 | D:4      | Killed Grinder
  4106 | D:4      | Reached skill level 1 in Spellcasting
  4334 | D:4      | Gained mutation: Your mind is acute. (Int +4, Str/Dex -1)
                  | [potion of mutation]
  4394 | D:5      | Entered Level 5 of the Dungeon
  4544 | D:5      | Reached skill level 5 in Invocations
  4749 | D:5      | Found a runed translucent door.
  4752 | D:5      | Noticed Bediveer's ghost (amateur DEHu)
  4849 | D:5      | Found a shadowy altar of Dithmenos.
  4941 | D:5      | Found a broken altar of Ashenzari.
  5064 | D:5      | Found a large runed translucent door.
  5064 | D:5      | Found a large runed translucent door.
  5073 | D:5      | Found a large runed translucent door.
  5073 | D:5      | Found a large runed translucent door.
  5075 | D:5      | Noticed a two-headed ogre
  5868 | D:5      | Gained mutation: You have large cloven feet. [demonic
                  | ancestry]
  5868 | D:5      | Reached XP level 9. HP: 33/69 MP: 13/13
  5874 | D:5      | Noticed a troll
  5885 | D:5      | HP: 1/103 [troll (10)]
  5886 | D:5      | Killed a troll
  6415 | D:5      | Reached skill level 5 in Short Blades
  6903 | D:5      | Killed Bediveer's ghost
  7042 | D:5      | Slain by a two-headed ogre

Illustrated notes

Levels and vault maps discovered:
D:1:      dpeg_arrival_connections, layout_basic,
          shapermc_ecumenical_altar_totnotflames
D:2:      layout_loops_ring, minmay_misc_feat_plants, dk_vineyard_1,
          nicolae_elevator_lobby_plus, uniq_sigmund, uniq_terence
D:3:      minmay_octagon_keep, layout_basic, uniq_ijyb, uniq_jessica
D:4:      layout_loops_corners, lightli_temple_of_fire, uniq_pikel, uniq_grinder
D:5:      kennysheep_big_flooded_room, layout_layer_cave, kennysheep_mini,
          evilmike_ruin_ashenzari, ebering_ghost_sewer_d,
          minmay_hollow_rounded_squares

Skill      XL: |  1  2  3  4  5  6  7  8  9 |
---------------+----------------------------+-----
Armour         | 1 |  1.0
Unarmed Combat | 3 4 6 |  6.1
Throwing       | 1 |  1.0
Stealth        | 1 3 |  3.1
Shapeshifting  | 1 |  1.0
Fighting       | 4 5 6 |  6.0
Evocations     | 1 |  1.0
Invocations    | 2 4 6 |  6.0
Short Blades   | 4 5 |  5.8
Spellcasting   | 3 4 |  4.1
Dodging        | |  2.6

Action                     |  1- 3 |  4- 6 |  7- 9 || total
---------------------------+-------+-------+-------++-------
  Melee: Unarmed           |   128 |   127 |    49 ||   304
         Headbutt          |    26 |    27 |    74 ||   127
         Punch             |       |     1 |    10 ||    11
         Short sword       |       |       |   207 ||   207
         Rapier            |       |       |    29 ||    29
         Kick              |       |       |    28 ||    28
  Throw: Stone             |       |       |     1 ||     1
  Evoke: Wand              |       |       |     5 ||     5
    Use: Potion            |     1 |     4 |     5 ||    10
         Scroll            |       |     5 |     1 ||     6
   Stab: Sleeping          |       |     1 |     1 ||     2
 Armour: Robe              |     5 |       |       ||     5
         Leather armour    |    56 |    62 |   143 ||   261
         Skin              |       |       |    42 ||    42
  Dodge: Dodged            |    84 |    74 |    96 ||   254

Table legend: (Time is in decaauts)
 A = Elapsed time spent in this place.
 B = Non-inter-level travel time spent in this place.
 C = Inter-level travel time spent in this place.
 D = Time resting spent in this place.
 E = Time spent auto-exploring this place.
 F = Levels seen in this place.
 G = Mean time per level.
                   A        B        C        D        E       F      G
               +--------+--------+--------+--------+--------+-----+--------+
         Total |   6930 |   6223 |    707 |   1255 |   3583 |   5 | 1386.0 |
       Dungeon |   6930 |   6223 |    707 |   1255 |   3583 |   5 | 1386.0 |
               +--------+--------+--------+--------+--------+-----+--------+

Top non-repeatable levels by time:
     D:5: 2442 daAuts
     D:4: 1377 daAuts
     D:1: 1293 daAuts
     D:2: 1018 daAuts
     D:3: 798 daAuts
